 Dungeon Crawl Stone Soup version 0.31.0-10-gcf4a605ca0 (webtiles) character file.

Game seed: 12165244256938271512

8596 Persephone the Grappler (level 11, -1/62 HPs)
             Began as a Vine Stalker Fighter on Jan 25, 2024.
             Was an Initiate of Gozag.
             Slain by Snorg (2 damage)
             ... on level 11 of the Dungeon.
             The game lasted 00:19:21 (8105 turns).

Persephone the Grappler (Vine Stalker Fighter)      Turns: 8105, Time: 00:19:22

Health: -1/62      AC: 17    Str: 24    XL:     11   Next: 33%
Magic:  0/12       EV:  6    Int:  8    God:    Gozag
Gold:   1128       SH:  5    Dex: 13    Spells: 10/10 levels left

rFire   . .          .
                       - Unarmed
rCold   . . .        b - +0 buckler
rNeg    . . .        u - +0 plate armour
rPois   +            (no helmet)
rElec   .            v - scarf {shadows}
rCorr   .            (no gloves)
SInv    +            y - +1 pair of boots
Will    +....        (no amulet) Stlth
                     f - ring of poison resistance
HPRegen 1.10/turn    w - ring of see invisible
MPRegen 0.13/turn

%: clarity, guardian spirit
@: no status effects
A: fangs 3, regeneration 1, magic shield, antimagic bite, no potion heal 2,
iridescent scales 1, clarity
a: Renounce Religion, Potion Petition, Call Merchant, Bribe Branch


You were on level 11 of the Dungeon.
You worshipped Gozag.
Gozag was most pleased with you.
You visited 2 branches of the dungeon, and saw 12 of its levels.
You also visited: Sewer.

You collected 1894 gold pieces.
You spent 210 gold pieces at shops.
You paid 556 gold pieces to Gozag.

Inventory:

Armour
 b - a +0 buckler (worn)
 u - a +0 plate armour (worn)
 v - a scarf of shadows (worn)
 y - a +1 pair of boots (worn)
Jewellery
 f - a ring of poison resistance (left hand)
 w - a ring of see invisible (right hand)
 x - a ring of flight
Wands
 j - a wand of flame (5)
 l - a wand of roots (29) (quivered)
Scrolls
 g - 2 scrolls of teleportation
 h - 2 scrolls of brand weapon
 i - 2 scrolls of enchant armour
 s - 3 scrolls of amnesia
 t - 2 scrolls of vulnerability
 z - a scroll of poison
 B - 4 scrolls of identify
 C - a scroll of fear {unknown}
 D - a scroll of revelation {unknown}
 E - a scroll of torment
 F - a scroll of immolation {unknown}
Potions
 a - 4 potions of cancellation
 c - 4 potions of heal wounds
 d - 3 potions of mutation
 e - 2 potions of ambrosia
 k - a potion of lignification {unknown}
 m - 5 potions of curing
 n - 2 potions of enlightenment {unknown}
 p - 4 potions of invisibility {unknown}
 q - 2 potions of magic {unknown}
 r - a potion of berserk rage {unknown}
 A - a potion of attraction {unknown}


   Skills:
 + Level 9.4 Fighting
 + Level 7.2 Armour
 - Level 6.4 Shields
 * Level 11.5 Unarmed Combat


You had 10 spell levels left.
You didn't know any spells.
Your spell library contained the following spells:

 Spells                   Type           Power      Damage    Failure   Level
 Slow                     Hex            0%         N/A       100%        1
 Confusing Touch          Hex            0%         N/A       100%        3
 Fugue of the Fallen      Necr           0%         N/A       100%        3
 Ozocubu's Armour         Ice            0%         N/A       100%        3
 Sigil of Binding         Hex            0%         N/A       100%        3
 Stone Arrow              Conj/Erth      0%         3d7       100%        3
 Vampiric Draining        Necr           0%         2d6       100%        3
 Animate Armour           Summ/Erth      0%         N/A       100%        4
 Manifold Assault         Tloc           0%         N/A       100%        4
 Summon Forest            Summ/Tloc      0%         N/A       100%        5
 Eringya's Noxious Bog    Alch           0%         4d6       100%        6
 Summon Hydra             Summ           0%         N/A       100%        7
 Lehudib's Crystal Spear  Conj/Erth      0%         10d2      100%        8


Dungeon Overview and Level Annotations

Branches:
Dungeon (11/15)            Temple (1/1) D:4            Lair (0/5) D:9
    Orc (0/2) D:10          Sewer (visited)

Altars:
Ashenzari
Cheibriados
Dithmenos
Elyvilon
Fedhas
Gozag
Hepliaklqana
Kikubaaqudgha
Makhleb
Nemelex Xobeh
Okawaru
Qazlal
Ru
Sif Muna
Trog
Uskayaw
Vehumet
Wu Jian
Xom
Yredelemnul
Zin
The Shining One

Shops:
D:4 *(   D:9 *

Annotations:
D:5 2 transporters, gummybears's ghost, novice TrFi
D:11 Snorg


Innate Abilities, Weirdness & Mutations

You have razor-sharp teeth.
Your natural rate of healing is unusually fast.
When hurt, damage is shared between your health and your magic reserves.
Your bite disrupts and absorbs the magic of your enemies.
Potions cannot restore your health.
You are partially covered in iridescent scales. (AC +2)
You possess an exceptional clarity of mind.


Message History

Snorg claws you but does no damage.
Blink to where?
Press: ? - help, Dir - move target
As you read the scroll of blinking, it crumbles to dust.
Snorg is nearby!
Okay, then.
Blink to where?
Press: ? - help, Dir - move target
As you read the scroll of blinking, it crumbles to dust.
Aiming: Fastroot
Press: ? - help, Shift-Dir - straight line, f - Snorg
Aim: Snorg (almost dead, berserk)
The roots erupt in riotous growth!
Roots grab Snorg.
The grasping roots constrict Snorg.
Snorg struggles to escape constriction.
The grasping roots constrict Snorg.
The roots release their grip on Snorg.
Snorg rages.
Aiming: Fastroot
Press: ? - help, Shift-Dir - straight line, f/p - Snorg
Aim: Snorg (almost dead, berserk)
The roots erupt in riotous growth!
Roots grab Snorg.
The grasping roots constrict Snorg.
Snorg struggles to escape constriction.
The grasping roots constrict Snorg.
Snorg escapes!
Aiming: Fastroot
Press: ? - help, Shift-Dir - straight line, f/p - Snorg
Aim: Snorg (almost dead, berserk)
The roots erupt in riotous growth!
Roots grab Snorg.
The grasping roots constrict Snorg.
Snorg struggles to escape constriction.
The grasping roots constrict Snorg.
Snorg escapes!
You hit Snorg but do no damage.
Snorg is almost dead.
Snorg bites you!
* * * LOW HITPOINT WARNING * * *
Snorg claws you.
* * * LOW HITPOINT WARNING * * *
Snorg claws you.
You die...
Your body crumbles into a pile of gold.

#############
#..@T.#.....##
#.............##
#...............#
#............<..#
#...............#
#.)....)........#
#...............#
...^.........##
.........


You could see Snorg (berserk).

Vanquished Creatures
  A two-headed ogre (D:9)
  Amaemon (D:8)
  Pikel (D:8)
  An orange demon (D:8)
  A komodo dragon (D:9)
  2 trolls
  Prince Ribbit (D:8)
  Grinder (D:3)
  A wraith (D:9)
  A vampire (D:9)
  2 wyverns (D:9)
  6 yaks (D:10)
  2 steam dragons
  An acid dragon (D:9)
  3 orc warriors (D:10)
  A sky beast (D:7)
  An ogre (D:6)
  A crocodile (Sewer)
  3 centaurs
  2 lemures (D:8)
  2 kobold brigands (D:8)
  4 bullfrogs
  2 scorpions
  4 wights
  23 killer bees
  5 bombardier beetles
  A howler monkey (D:8)
  4 hounds
  A jelly (D:7)
  5 orc priests
  3 iguanas
  Ijyb (D:3)
  16 orc wizards
  5 adders
  A river rat (D:4)
  A shadow imp (D:5)
  2 white imps
  A ribbon worm (D:5)
  57 orcs
  5 ball pythons
  8 endoplasms
  A giant cockroach (D:1)
  7 goblins
  6 hobgoblins
  8 jackals
  19 kobolds
  7 quokkas
  4 bats
  3 frilled lizards (D:1)
  8 rats
247 creatures vanquished.

Notes
Turn   | Place    | Note
-------+----------+-------------------------------------------
     0 | D:1      | Persephone the Vine Stalker Fighter began the quest for the
                  | Orb.
     0 | D:1      | Reached XP level 1. HP: 11/11 MP: 2/2
   160 | D:1      | Reached XP level 2. HP: 16/16 MP: 3/3
   516 | D:2      | Reached XP level 3. HP: 19/19 MP: 4/4
   954 | D:3      | Noticed Ijyb
  1007 | D:3      | Gained mutation: You are partially covered in iridescent
                  | scales. (AC +2) [potion of mutation]
  1007 | D:3      | Gained mutation: You possess an exceptional clarity of
                  | mind. [potion of mutation]
  1013 | D:3      | Reached XP level 4. HP: 10/24 MP: 1/5
  1081 | D:3      | Reached skill level 3 in Unarmed Combat
  1143 | D:3      | Found a broken altar of Ashenzari.
  1195 | D:3      | Reached skill level 6 in Unarmed Combat
  1195 | D:3      | Reached XP level 5. HP: 11/32 MP: 1/6
  1274 | D:3      | Killed Ijyb
  1332 | D:3      | Reached XP level 6. HP: 37/37 MP: 7/7
  1553 | D:3      | Noticed Grinder
  1556 | D:3      | Paralysed by Grinder for 4 turns
  1567 | D:3      | Killed Grinder
  1568 | D:3      | Reached skill level 7 in Unarmed Combat
  1568 | D:3      | Reached XP level 7. HP: 24/41 MP: 5/8
  1691 | D:4      | Found Peqe Cio's Assorted Antiques.
  1728 | D:4      | Found a staircase to the Ecumenical Temple.
  1734 | D:4      | Identified the +2 sling "Siudorul" {elec, rPois rF- rN+
                  | Int+3}
  1777 | Temple   | Entered the Ecumenical Temple
  1962 | D:4      | Found a glowing drain.
  1966 | Sewer    | Entered a sewer
  2322 | D:4      | Found Zerch's Weapon Boutique.
  2604 | Temple   | Became a worshipper of Gozag Ym Sagoz the Greedy
  2644 | D:5      | Entered Level 5 of the Dungeon
  2654 | D:5      | Noticed a troll
  2665 | D:5      | HP: 1/42 [troll (7)]
  2672 | D:5      | Killed a troll
  2673 | D:5      | Reached skill level 5 in Armour
  2673 | D:5      | Gained mutation: You have razor-sharp teeth. [Vine Stalker
                  | growth]
  2673 | D:5      | Reached XP level 8. HP: 9/46 MP: 2/9
  3030 | D:5      | Found a glowing golden altar of the Shining One.
  3106 | D:5      | Found a transporter.
  3158 | D:5      | You fall into a shaft and drop 1 floor!
  3407 | D:5      | Found a bloodstained altar of Trog.
  3476 | D:5      | Found a transporter.
  3476 | D:5      | Noticed gummybears's ghost (novice TrFi)
  3483 | D:5      | Reached skill level 8 in Unarmed Combat
  4150 | D:7      | Noticed a troll
  4156 | D:7      | Killed a troll
  4157 | D:7      | Reached XP level 9. HP: 47/51 MP: 7/10
  4360 | D:7      | Found a glowing silver altar of Zin.
  4360 | D:7      | Found a hide-covered altar of Uskayaw.
  4362 | D:7      | Found a shadowy altar of Dithmenos.
  4919 | D:8      | Noticed Prince Ribbit
  4929 | D:8      | Reached skill level 9 in Unarmed Combat
  4940 | D:8      | Killed Prince Ribbit
  5001 | D:8      | Noticed Amaemon
  5002 | D:8      | Noticed an orange demon
  5054 | D:8      | Killed Amaemon
  5055 | D:8      | Reached XP level 10. HP: 52/57 MP: 9/11
  5060 | D:8      | Killed an orange demon
  5138 | D:8      | Noticed Pikel
  5155 | D:8      | Killed Pikel
  5156 | D:8      | Reached skill level 10 in Unarmed Combat
  5471 | D:8      | Found a stormy altar of Qazlal.
  5471 | D:8      | Found an iron altar of Okawaru.
  6302 | D:9      | Found a staircase to the Lair.
  6664 | D:9      | Found Ineahil's Assorted Antiques.
  6672 | D:9      | Bought a scroll of blinking for 210 gold pieces
  6806 | D:9      | Noticed a two-headed ogre
  6829 | D:9      | Killed a two-headed ogre
  6830 | D:9      | Reached skill level 11 in Unarmed Combat
  6830 | D:9      | Reached XP level 11. HP: 61/62 MP: 12/12
  7039 | D:10     | Entered Level 10 of the Dungeon
  7201 | D:10     | Found a shimmering altar of Xom.
  7313 | D:10     | Found a staircase to the Orcish Mines.
  8081 | D:11     | Noticed Snorg
  8095 | D:11     | HP: 3/62 [Snorg (10)]
  8105 | D:11     | HP: 1/62 [Snorg (3)]
  8105 | D:11     | Slain by Snorg

Illustrated notes

Levels and vault maps discovered:
D:1:      wander_arrival_peaceful_grave, layout_basic,
          chequers_serial_rivers_marsh
D:2:      layout_rooms, minmay_3d_cube
D:3:      layout_rooms, ashenzari_conservatory_becter, minmay_guardbox,
          uniq_grinder, uniq_ijyb
D:4:      layout_rooms, minmay_temple_entry_offerings, gup_sewer_entry_spiral,
          serial_shops, shop, nicolae_shop_advertising_works
          [nicolae_subvault_shop_adworks], minmay_diced_spiral
D:5:      layout_loops_ring, marbit_many_paths, nicolae_overflow_crystal_walls,
          gammafunk_ghost_arena
D:6:      layout_rooms
D:7:      layout_loops_cross, chequers_temple_overflow_statue_of_worship
D:8:      layout_loops_cross, gammafunk_temple_overflow_pools, uniq_pikel,
          uniq_amaemon, uniq_prince_ribbit1
D:9:      layout_grid_maze, david_lair_shrubbed, serial_shops, shop, st_stairs_5
D:10:     layout_stronghold, amcnicky_altar_gilded, orc_david_3
D:11:     layout_rooms, uniq_snorg, uniq_erica
Temple:   dshaligram_water_room_temple

Skill      XL: |  1  2  3  4  5  6  7  8  9 10 11 |
---------------+----------------------------------+-----
Fighting       | 3 6 7 8 9 |  9.4
Shields        | 3 6 |  6.4
Unarmed Combat | 6 7 8 9 11 | 11.5
Armour         | 4 5 6 7 |  7.2

Action                     |  1- 3 |  4- 6 |  7- 9 | 10-12 || total
---------------------------+-------+-------+-------+-------++-------
  Melee: Unarmed           |   125 |    81 |   318 |   265 ||   789
         Bite              |    36 |    21 |    84 |    80 ||   221
 Invoke: Potion Petition   |       |       |       |     1 ||     1
  Evoke: Wand              |       |     1 |     4 |    13 ||    18
    Use: Scroll            |     3 |     1 |    11 |     5 ||    20
         Potion            |     2 |     2 |     2 |       ||     6
   Stab: Distracted        |       |       |     1 |     1 ||     2
 Armour: Scale mail        |    77 |    58 |    35 |       ||   170
         Plate armour      |       |       |   176 |   233 ||   409
  Dodge: Dodged            |    53 |    33 |    77 |    67 ||   230
  Block: Buckler           |    17 |    23 |    58 |    64 ||   162
